 Dungeon Crawl Stone Soup version 0.31-b1-18-g61460d1e46 (webtiles) character file.

Game seed: 12512345539098618527

77 Esekla the Sneak (level 4, 0/31 HPs)
             Began as an Octopode Delver on Jan 16, 2024.
             Was an Initiate of Gozag.
             Slain by a kobold brigand
             ... wielding a +0 dagger
              (8 damage)
             ... in a sewer.
             The game lasted 00:12:19 (997 turns).

Esekla the Sneak (Octopode Delver)                   Turns: 997, Time: 00:12:20

Health: 0/31       AC:  1    Str: 11    XL:     4   Next: 33%
Magic:  5/5        EV: 13    Int: 14    God:    Gozag
Gold:   300        SH:  0    Dex: 13    Spells: 4/4 levels left

rFire   . . .        a - +0 falchion
rCold   . . .        (no shield)
rNeg    . . .        (helmet restricted)
rPois   .            (no amulet)
rElec   .            (no ring)
rCorr   .            (no ring)
SInv    .            (no ring)
Will    .....        (no ring)
Stlth   ++++++       (no ring)
HPRegen 0.25/turn    (no ring)
MPRegen 0.09/turn    (no ring)
                     (no ring)

%: no passive effects
@: gold aura
A: almost no armour, amphibious, 8 rings, camouflage 1, gelatinous body 1,
nimble swimmer 1, tentacles
a: Renounce Religion, Potion Petition, Call Merchant, Bribe Branch


You were in a sewer.
You worshipped Gozag.
Gozag was aware of your devotion.
You visited 2 branches of the dungeon, and saw 2 of its levels.
You also visited: Sewer.

You collected 318 gold pieces.
You paid 18 gold pieces to Gozag.

Inventory:

Hand Weapons
 a - a +0 falchion (weapon)
 s - a +0 dagger
Wands
 f - a wand of digging (2)
Scrolls
 b - a scroll of fog
 e - a scroll of identify {unknown}
 g - 2 scrolls of enchant armour {unknown}
 i - a scroll of revelation
 j - a scroll of noise {unknown}
 k - 2 scrolls of amnesia {unknown}
Potions
 c - a potion of curing {unknown}
 h - 2 potions of resistance {unknown}
 l - a potion of might {unknown}
 m - a potion of mutation {unknown}
 n - a potion of cancellation {unknown}


   Skills:
 * Level 3.3 Fighting
 * Level 2.5 Long Blades
 * Level 2.3 Dodging
 + Level 7.4 Stealth
 * Level 0.9 Spellcasting
 * Level 1.0 Conjurations


You had 4 spell levels left.
You didn't know any spells.
Your spell library contained the following spells:

 Spells                   Type           Power      Damage    Failure   Level
 Inner Flame              Hex/Fire       0%         N/A       63%         3
 Irradiate                Conj/Alch      1%         3d12      99%         5
 Ignition                 Fire           0%         3d3       100%        8


Dungeon Overview and Level Annotations

Branches:
Dungeon (5/15)             Temple (1/1) D:5           Sewer (1/1)

Altars:
Ashenzari
Cheibriados
Fedhas
Gozag
Kikubaaqudgha
Makhleb
Nemelex Xobeh
Qazlal
Ru
Sif Muna
Trog
Uskayaw
Vehumet
Wu Jian
Xom
Yredelemnul
Zin
The Shining One

Annotations:
Temple phantom


Innate Abilities, Weirdness & Mutations

You cannot wear most types of armour.
You are amphibious.
You can wear up to eight rings at the same time.
Your skin changes colour to match your surroundings (Stealth+).
Your rubbery body absorbs attacks. (AC +1, EV +1)
You are camouflaged when in or above water. (Stealth+)
You have tentacles for arms and can constrict up to eight enemies at once.


Message History

You hit the kobold brigand. Your grab misses the kobold brigand.
Your squeeze misses the kobold brigand.
The kobold brigand is lightly wounded.
You hit the kobold brigand. Your grab misses the kobold brigand.
The kobold brigand is lightly wounded.
The kobold brigand hits you with a +0 dagger!
You hit the kobold brigand. You grab the kobold brigand.
The kobold brigand is moderately wounded.
You constrict the kobold brigand.
The kobold brigand hits you with a +0 dagger.
The kobold hits you with a +0 club.
You hit the kobold but do no damage. You grab the kobold.
You squeeze the kobold.
You kill the kobold!
You constrict the kobold brigand, but do no damage.
The kobold brigand hits you with a +0 dagger.
You closely miss the kobold. You grab the kobold.
Your squeeze misses the kobold.
You constrict the kobold, but do no damage.
You constrict the kobold brigand, but do no damage.
The kobold brigand splashes around in the water.
The kobold is distracted by your dazzling golden aura.
The kobold brigand hits you with a +0 dagger.
* * * LOW HITPOINT WARNING * * *
The kobold shouts!
Okay, then.
Okay, then.
You hit the kobold brigand.
The kobold brigand is heavily wounded.
You constrict the kobold. You constrict the kobold brigand.
The kobold brigand hits you with a +0 dagger.
* * * LOW HITPOINT WARNING * * *
You barely miss the kobold brigand. You squeeze the kobold brigand.
The kobold brigand is severely wounded.
You constrict the kobold.
You kill the kobold!
You constrict the kobold brigand.
The kobold brigand hits you with a +0 dagger!
You die...
Your body crumbles into a pile of gold.

≈≈≈≈≈≈≈≈≈≈≈≈≈≈≈≈≈≈≈≈≈≈≈
########≈≈≈≈≈≈#########
#..#.!#≈≈≈≈≈≈#..#..#
.....#≈≈≈≈≈≈#.....#
##.K.##≈≈≈≈≈≈##...##
#..K..#≈≈≈≈≈≈#.....#
#.....#≈≈≈≈≈≈#.....#
###'###≈≈≈≈≈≈###'###
##..K@≈≈≈≈≈≈≈≈)...#
#...$≈≈≈≈≈≈≈≈≈)...#
#....≈≈≈≈≈≈≈≈~~...#
##...~≈≈≈≈≈≈≈.~....#
#....~≈≈≈≈≈≈≈.....##
#....~≈≈≈≈≈≈≈#....#
#......≈≈≈≈≈≈##..##
##....~≈≈≈≈≈≈##..#
#.....≈≈≈≈≈##...#


You could see a kobold brigand.

Vanquished Creatures
  2 river rats (Sewer)
  2 adders (Sewer)
  A ribbon worm (D:5)
  An endoplasm (Sewer)
  6 ball pythons
  4 frilled lizards
  15 kobolds (Sewer)
  17 rats
48 creatures vanquished.

Notes
Turn   | Place    | Note
-------+----------+-------------------------------------------
     0 | D:5      | Esekla the Octopode Delver began the quest for the Orb.
     0 | D:5      | Reached XP level 1. HP: 16/16 MP: 1/1
     0 | D:5      | Found a broken altar of Ashenzari.
    17 | D:5      | Found an ancient bone altar of Kikubaaqudgha.
    17 | D:5      | Noticed an orc priest
    85 | D:5      | Found a staircase to the Ecumenical Temple.
    89 | D:5      | Noticed a phantom
   101 | Temple   | Entered the Ecumenical Temple
   130 | Temple   | Became a worshipper of Gozag Ym Sagoz the Greedy
   179 | D:5      | Noticed a bullfrog
   235 | D:5      | Noticed an iguana
   270 | D:5      | Found a glowing drain.
   300 | Sewer    | Entered a sewer
   353 | Sewer    | Reached XP level 2. HP: 21/21 MP: 2/2
   414 | Sewer    | Noticed a kobold brigand
   462 | Sewer    | Reached skill level 7 in Stealth
   462 | Sewer    | Reached XP level 3. HP: 26/26 MP: 3/3
   758 | Sewer    | Reached XP level 4. HP: 31/31 MP: 5/5
   840 | Sewer    | Reached skill level 1 in Conjurations
   997 | Sewer    | Slain by a kobold brigand

Illustrated notes

Levels and vault maps discovered:
D:5:      layout_basic, kiku_gazebo_garden_becter, old_standard_altar,
          minmay_temple_entry_glass, mainiacjoe_sewer_entry_somewhere_in_here_1,
          serial_library_hellmonk_semicircle
Temple:   nicolae_temple_elliptical
Sewer:    sewer_minmay_treatment

Skill      XL: |  1  2  3  4 |
---------------+-------------+-----
Stealth        | 7 |  7.4
Conjurations   | 1 |  1.0
Fighting       | |  3.3
Long Blades    | |  2.5
Dodging        | |  2.3
Spellcasting   | |  0.9

Action                     |  1- 3 |  4- 6 || total
---------------------------+-------+-------++-------
  Melee: Falchion          |    62 |    19 ||    81
         Constrict         |    19 |     5 ||    24
         Tentacles         |    11 |     7 ||    18
         Punch             |     1 |       ||     1
         Dagger            |       |     4 ||     4
  Evoke: Wand              |     1 |       ||     1
    Use: Scroll            |     2 |       ||     2
         Potion            |     1 |       ||     1
   Stab: Sleeping          |     2 |       ||     2
 Armour: Skin              |    22 |    11 ||    33
  Dodge: Dodged            |    36 |    10 ||    46
